Crunch vs Wolves
Created - January 21, 2022 at 19:56
Goals
|
| Crunch |
1 |
1 |
0 |
2 |
| Wolves |
0 |
3 |
2 |
5 |
|
Shots
|
| Crunch |
7 |
9 |
12 |
28 |
| Wolves |
11 |
21 |
9 |
41 |
|
1st period
1. Crunch , Teemu Hartikainen 8 (Nicolas Aube-Kubel 9, William Nylander 17) at 8:44
Penalties :
Brock Boeser (Syr) for Tripping (Minor) at 9:09, Sebastian Aho (Chi) for Holding (Minor) at 15:09, Dalton Smith (Syr) for High sticking (Minor) at 19:51
2nd period
2. Wolves , Lawson Crouse 10 (Jeff Petry 11, Alexandre Grenier 15) at 3:58
3. Crunch , Jordan Oesterle 3 (William Nylander 18, Brock Boeser 21) at 9:12 (PP)
4. Wolves , Joe Morrow 4 (Alexandre Grenier 16, Kyle Rau 20) at 10:19
5. Wolves , Sebastian Aho 10 (Victor Olofsson 7, Anton Lindholm 10) at 14:41 (PP)
Penalties :
Dalton Smith (Syr) for Interference (Minor) at 4:34, Jalen Chatfield (Chi) for Hooking (Minor) at 7:47, Joe Morrow (Chi) for Hooking (Minor) at 8:10, Lawson Crouse (Chi) for Goalie Interference (Minor) at 10:25, Kyle Capobianco (Syr) for Hooking (Minor) at 13:01, Brendan Guhle (Syr) for Goalie Interference (Minor) at 15:06
3rd period
6. Wolves , Alexandre Grenier 17 (Kyle Rau 21, Lawson Crouse 13) at 0:13
7. Wolves , Alexandre Grenier 18 (Lawson Crouse 14) at 10:23
Penalties :
Nicolas Aube-Kubel (Syr) for Kneeing (Minor) at 10:42
Goalie Stats
Kaapo Kahkonen (Syr), 36 saves from 41 shots - (0.878), L, 6-6-3, 60:00 minutes
Ebbe Siönäs (Chi), 26 saves from 28 shots - (0.929), W, 2-0-0, 60:00 minutes
Players Stats for Crunch
Player Name G A P +/- PIM S H SB GA TA FO MP PP MP PK MP
------------------------------------------------------------------------------------
Anatoli Golyshev 0 0 0 0 0 4 0 0 0 0 0/0 7:39 0:00 0:36
Brendan Guhle 0 0 0 -2 2 0 0 0 0 1 0/0 25:58 3:28 5:27
Brock Boeser 0 1 1 -3 2 0 0 1 0 0 2/3 19:30 3:38 3:02
Charles-Olivier Roussel 0 0 0 -1 0 3 1 0 0 0 0/0 19:59 2:52 4:56
Christoffer Ehn 0 0 0 -3 0 0 1 1 0 0 8/17 17:03 3:38 1:01
Connor Bunnaman 0 0 0 0 0 2 1 1 0 1 3/3 11:29 0:00 0:00
Dalton Smith 0 0 0 0 4 2 2 1 0 0 0/0 13:50 0:00 1:46
Dylan Strome 0 0 0 0 0 0 0 0 0 0 3/14 13:24 2:42 0:00
Jacob Larsson 0 0 0 0 0 1 0 0 0 1 0/0 13:37 0:00 0:20
Jeremy Lauzon 0 0 0 -1 0 2 1 1 0 0 0/0 19:56 2:52 4:54
Jordan Oesterle 1 0 1 -2 0 1 2 3 0 2 0/0 26:45 3:28 6:39
Kevin Fiala 0 0 0 0 0 1 4 0 0 0 0/0 11:29 0:00 0:00
Kyle Capobianco 0 0 0 0 2 1 1 2 1 0 0/0 13:44 0:00 0:54
Max McCormick 0 0 0 0 0 0 1 0 0 0 0/0 3:01 0:00 0:00
Mitch Callahan 0 0 0 0 0 2 1 0 0 1 0/0 6:37 0:00 0:00
Nicolas Aube-Kubel 0 1 1 0 2 2 1 0 1 0 1/1 17:39 2:42 2:57
Teemu Hartikainen 1 0 1 0 0 2 1 0 0 2 0/1 20:18 2:42 6:54
William Nylander 0 2 2 -3 0 5 2 0 0 1 9/16 26:21 3:38 6:54
Players Stats for Wolves
Player Name G A P +/- PIM S H SB GA TA FO MP PP MP PK MP
------------------------------------------------------------------------------------
Alexandre Grenier 2 2 4 3 0 8 3 1 2 0 7/13 22:34 6:13 4:07
Anton Lindholm 0 1 1 2 0 1 0 3 0 0 0/0 19:11 4:27 1:49
Antti Suomela 0 0 0 0 0 2 1 0 0 0 0/3 10:36 0:00 0:38
Dylan Coghlan 0 0 0 1 0 0 0 0 0 0 0/0 3:17 0:00 0:00
Eric Robinson 0 0 0 0 0 1 2 0 0 0 0/0 16:03 5:19 0:45
Fredrik Olofsson 0 0 0 0 0 0 3 0 0 0 0/0 9:58 0:00 0:00
Jalen Chatfield 0 0 0 -1 2 0 0 0 0 0 0/0 13:08 0:00 0:00
Jeff Petry 0 1 1 1 0 0 2 1 0 0 0/0 19:08 4:27 1:49
Jeffrey Foss 0 0 0 2 0 1 4 3 0 1 0/0 27:23 7:08 4:31
Joe Morrow 1 0 1 2 2 5 1 0 0 0 0/0 23:36 7:08 2:31
Joona Koppanen 0 0 0 0 0 0 0 0 0 0 0/0 0:00 0:00 0:00
Kevin Stenlund 0 0 0 0 0 0 0 0 0 0 0/0 0:25 0:03 0:00
Kieffer Bellows 0 0 0 0 0 2 0 1 0 0 0/0 9:02 0:00 0:00
Kyle Rau 0 2 2 3 0 0 0 2 0 0 14/26 22:10 6:13 3:43
Lawson Crouse 1 2 3 2 2 4 2 0 1 0 1/2 18:53 5:47 0:35
Liam O'Brien 0 0 0 0 0 0 0 0 0 0 0/0 0:53 0:29 0:00
Matthew Highmore 0 0 0 0 0 3 1 0 0 0 0/2 9:02 0:00 0:00
Samuel Girard 0 0 0 0 0 3 0 1 0 0 0/0 14:25 0:00 1:59
Sebastian Aho 1 0 1 0 2 4 1 0 5 0 6/8 16:28 5:19 0:41
Thomas Spelling 0 0 0 0 0 2 0 0 1 0 0/0 10:23 0:03 0:00
Victor Olofsson 0 1 1 0 0 4 2 0 0 0 1/1 15:18 5:19 0:00
Wade Allison 0 0 0 0 0 1 0 0 0 1 0/0 9:02 0:00 0:00
Zachary Senyshyn 0 0 0 0 0 0 0 0 0 0 0/0 1:39 0:00 1:09
3 Stars
1 - Alexandre Grenier (Chi)
2 - Lawson Crouse (Chi)
3 - Kyle Rau (Chi)
Power Play
Crunch - 1 on 4 Attempt(s) - 25.00%
Wolves - 1 on 6 Attempt(s) - 16.67%
Penalty Kill
Crunch - 5 on 6 Attempt(s) - 83.33%
- Score 0 goal in Penalty Kill
Wolves - 3 on 4 Attempt(s) - 75.00%
- Score 0 goal in Penalty Kill
Team Stat
Crunch - Hits : 19 - Faceoff Wins : 26 - Blocked Shots : 10 - Penalty Minutes : 12
Wolves - Hits : 22 - Faceoff Wins : 29 - Blocked Shots : 12 - Penalty Minutes : 8
Official
Referees : Marc Joannette and Brandon Blandina
Linesman : Kory Nagy and Libor Suchanek
Game Notes
No Game Note
Finance
Level 1 -- Attendance: 1863 (93.15%) -- Ticket Income $65,205
Level 2 -- Attendance: 989 (98.90%) -- Ticket Income $14,835
Total Attendance: 2852 (95.07%)
Total Ticket Income: $80,040
Other Income: $4,002
Total Income: $84,042
Crunch
5 vs 5 Forward
Center Left Wing Right Wing Time % Phy DF OF
1 Christoffer Ehn William Nylander Brock Boeser 40 1 2 2
2 Dylan Strome Teemu Hartikainen Nicolas Aube-Kubel 30 1 2 2
3 Connor Bunnaman Dalton Smith Kevin Fiala 20 1 2 2
4 William Nylander Anatoli Golyshev Mitch Callahan 10 1 2 2
5 vs 5 Defense
Defense Defense Time % Phy DF OF
1 Jordan Oesterle Brendan Guhle 40 1 2 2
2 Jeremy Lauzon Charles-Olivier Roussel 30 1 2 2
3 Jacob Larsson Kyle Capobianco 20 1 2 2
4 Jordan Oesterle Brendan Guhle 10 1 2 2
PowerPlay Forward
Center Left Wing Right Wing Time % Phy DF OF
1 Christoffer Ehn William Nylander Brock Boeser 60 1 2 2
2 Dylan Strome Teemu Hartikainen Nicolas Aube-Kubel 40 1 2 2
PowerPlay Defense
Defense Defense Time % Phy DF OF
1 Jordan Oesterle Brendan Guhle 60 1 2 2
2 Jeremy Lauzon Charles-Olivier Roussel 40 1 2 2
Penalty Kill 4 Players Forward
Center Wing Time % Phy DF OF
1 William Nylander Teemu Hartikainen 60 1 2 2
2 Brock Boeser Nicolas Aube-Kubel 40 1 2 2
Penalty Kill 4 Players Defense
Defense Defense Time % Phy DF OF
1 Jordan Oesterle Brendan Guhle 60 1 2 2
2 Jeremy Lauzon Charles-Olivier Roussel 40 1 2 2
Penalty Kill - 3 Players Forward
Forward Time % Phy DF OF
1 William Nylander 60 1 2 2
2 Teemu Hartikainen 40 1 2 2
Penalty Kill - 3 Players Defense
Defense Defense Time % Phy DF OF
1 Jordan Oesterle Brendan Guhle 60 1 2 2
2 Jeremy Lauzon Charles-Olivier Roussel 40 1 2 2
4 vs 4 Forward
Center Wing Time % Phy DF OF
1 William Nylander Teemu Hartikainen 60 1 2 2
2 Brock Boeser Nicolas Aube-Kubel 40 1 2 2
4 vs 4 Defense
Defense Defense Time % Phy DF OF
1 Jordan Oesterle Brendan Guhle 60 1 2 2
2 Jeremy Lauzon Charles-Olivier Roussel 40 1 2 2
Last Minutes Offensive
Center Left Wing Right Wing Defense Defense
Christoffer Ehn William Nylander Brock Boeser Jordan Oesterle Brendan Guhle
Last Minutes Defensive
Center Left Wing Right Wing Defense Defense
Christoffer Ehn William Nylander Brock Boeser Jordan Oesterle Brendan Guhle
Goaltenders
Starting : Kaapo Kahkonen
Backup : Josef Korenar
Extra Forwards
Normal : Max McCormick, Kevin Fiala, Dalton Smith - PP : Max McCormick, Kevin Fiala - PK : Dalton Smith
Extra Defensemen
Normal : Jacob Larsson, Kyle Capobianco, Jeremy Lauzon - PP : Jacob Larsson - PK : Kyle Capobianco, Jeremy Lauzon
Penalty Shots
William Nylander, Teemu Hartikainen, Brock Boeser, Nicolas Aube-Kubel, Christoffer Ehn
Scratches
Anthony Cirelli (Separated Right Shoulder Injury), Michael Downing (Bruised Right Foot Injury), Sean Walker (Broken Left Index Finger Injury)
Wolves
5 vs 5 Forward
Center Left Wing Right Wing Time % Phy DF OF
1 Kyle Rau Lawson Crouse Alexandre Grenier 40 1 2 2
2 Sebastian Aho Eric Robinson Victor Olofsson 30 1 2 2
3 Antti Suomela Fredrik Olofsson Thomas Spelling 20 1 2 2
4 Matthew Highmore Kieffer Bellows Wade Allison 10 1 2 2
5 vs 5 Defense
Defense Defense Time % Phy DF OF
1 Jeffrey Foss Joe Morrow 40 1 2 2
2 Anton Lindholm Jeff Petry 30 1 2 2
3 Jalen Chatfield Samuel Girard 20 1 2 2
4 Dylan Coghlan Jeffrey Foss 10 1 2 2
PowerPlay Forward
Center Left Wing Right Wing Time % Phy DF OF
1 Kyle Rau Lawson Crouse Alexandre Grenier 60 1 2 2
2 Sebastian Aho Eric Robinson Victor Olofsson 40 1 2 2
PowerPlay Defense
Defense Defense Time % Phy DF OF
1 Jeffrey Foss Joe Morrow 60 1 2 2
2 Anton Lindholm Jeff Petry 40 1 2 2
Penalty Kill 4 Players Forward
Center Wing Time % Phy DF OF
1 Alexandre Grenier Kyle Rau 60 1 2 2
2 Sebastian Aho Lawson Crouse 40 1 2 2
Penalty Kill 4 Players Defense
Defense Defense Time % Phy DF OF
1 Jeffrey Foss Joe Morrow 60 1 2 2
2 Anton Lindholm Jeff Petry 40 1 2 2
Penalty Kill - 3 Players Forward
Forward Time % Phy DF OF
1 Alexandre Grenier 60 1 2 2
2 Kyle Rau 40 1 2 2
Penalty Kill - 3 Players Defense
Defense Defense Time % Phy DF OF
1 Jeffrey Foss Joe Morrow 60 1 2 2
2 Anton Lindholm Jeff Petry 40 1 2 2
4 vs 4 Forward
Center Wing Time % Phy DF OF
1 Alexandre Grenier Kyle Rau 60 1 2 2
2 Sebastian Aho Lawson Crouse 40 1 2 2
4 vs 4 Defense
Defense Defense Time % Phy DF OF
1 Jeffrey Foss Joe Morrow 60 1 2 2
2 Anton Lindholm Jeff Petry 40 1 2 2
Last Minutes Offensive
Center Left Wing Right Wing Defense Defense
Kyle Rau Lawson Crouse Alexandre Grenier Jeffrey Foss Joe Morrow
Last Minutes Defensive
Center Left Wing Right Wing Defense Defense
Kyle Rau Lawson Crouse Alexandre Grenier Jeffrey Foss Joe Morrow
Goaltenders
Starting : Ebbe Siönäs
Backup : Laurent Brossoit
Extra Forwards
Normal : Liam O'Brien, Kevin Stenlund, Zachary Senyshyn - PP : Liam O'Brien, Kevin Stenlund - PK : Zachary Senyshyn
Extra Defensemen
Normal : Jalen Chatfield, Samuel Girard, Dylan Coghlan - PP : Jalen Chatfield - PK : Samuel Girard, Dylan Coghlan
Penalty Shots
Alexandre Grenier, Kyle Rau, Sebastian Aho, Lawson Crouse, Victor Olofsson
Scratches
Jakub Zboril (Sprained Right Finger Injury), Max Friberg (Healthy)
% Time on Ice - Crunch
Lines # - Real PCT - Wanted PCT - Time Play
Normal Forward
1 - 29% - 40% - 12:24
2 - 28% - 30% - 11:35
3 - 27% - 20% - 11:29
4 - 16% - 10% - 6:37
Normal Defense
1 - 39% - 40% - 16:18
2 - 29% - 30% - 12:10
3 - 31% - 20% - 12:51
4 - 2% - 10% - 0:46
PP Forward
1 - 57% - 60% - 3:38
2 - 43% - 40% - 2:42
PP Defense
1 - 55% - 60% - 3:28
2 - 45% - 40% - 2:52
PK Forward
1 - 67% - 60% - 7:48
2 - 33% - 40% - 3:47
PK Defense
1 - 58% - 60% - 6:41
2 - 42% - 40% - 4:54
PK3 Forward
1 - 0% - 60%
2 - 0% - 40%
PK3 Defense
1 - 0% - 60%
2 - 0% - 40%
44 Forward
1 - 0% - 60%
2 - 0% - 40%
44 Defense
1 - 0% - 60%
2 - 0% - 40%
Last Minute Offensive - 0:00
Last Minute Defensive - 0:00
Total
Forward - 60:00
Defense - 60:00
|
% Time on Ice - Wolves
Lines # - Real PCT - Wanted PCT - Time Play
Normal Forward
1 - 30% - 40% - 12:36
2 - 25% - 30% - 10:29
3 - 24% - 20% - 9:58
4 - 21% - 10% - 9:02
Normal Defense
1 - 33% - 40% - 13:57
2 - 31% - 30% - 12:52
3 - 29% - 20% - 12:16
4 - 7% - 10% - 3:00
PP Forward
1 - 54% - 60% - 6:16
2 - 46% - 40% - 5:19
PP Defense
1 - 62% - 60% - 7:08
2 - 38% - 40% - 4:27
PK Forward
1 - 76% - 60% - 4:02
2 - 24% - 40% - 1:16
PK Defense
1 - 66% - 60% - 3:29
2 - 34% - 40% - 1:49
PK3 Forward
1 - 69% - 60% - 0:43
2 - 31% - 40% - 0:19
PK3 Defense
1 - 100% - 60% - 1:02
2 - 0% - 40% - 0:00
44 Forward
1 - 0% - 60%
2 - 0% - 40%
44 Defense
1 - 0% - 60%
2 - 0% - 40%
Last Minute Offensive - 0:00
Last Minute Defensive - 0:00
Total
Forward - 60:00
Defense - 60:00
|
Play-by-Play
1st period
0:01 of 1st period - Kyle Rau wins face-off versus Christoffer Ehn in neutral zone.
0:08 of 1st period - Snap shot by Lawson Crouse.
0:08 of 1st period - Stopped by Kaapo Kahkonen with a rebound.
0:10 of 1st period - Slapshot by Alexandre Grenier.
0:10 of 1st period - Shot Misses the Net.
0:12 of 1st period - Wrist shot by Lawson Crouse.
0:12 of 1st period - Stopped by Kaapo Kahkonen without a rebound.
0:13 of 1st period - Sebastian Aho wins face-off versus Dylan Strome in Crunch zone.
0:40 of 1st period - Dalton Smith is hit by Antti Suomela and loses puck.
0:47 of 1st period - Jeff Petry is hit by Kyle Capobianco and loses puck.
2:00 of 1st period - Kevin Fiala is hit by Jeffrey Foss and loses puck.
2:05 of 1st period - Snap shot by Sebastian Aho.
2:05 of 1st period - Shot Misses the Net.
3:52 of 1st period - Snap shot by Anatoli Golyshev.
3:52 of 1st period - Stopped by Ebbe Siönäs without a rebound.
3:53 of 1st period - Dylan Strome wins face-off versus Kyle Rau in Wolves zone.
4:05 of 1st period - Wrist shot by Alexandre Grenier.
4:05 of 1st period - Shot Misses the Net.
4:31 of 1st period - Slapshot by Sebastian Aho.
4:31 of 1st period - Stopped by Kaapo Kahkonen with a rebound.
4:43 of 1st period - Wrist shot by William Nylander.
4:43 of 1st period - Shot Blocked by Jeff Petry.
4:46 of 1st period - Icing by Anton Lindholm.
4:47 of 1st period - Christoffer Ehn wins face-off versus Antti Suomela in Wolves zone.
4:50 of 1st period - Snap shot by Brock Boeser.
4:50 of 1st period - Shot Misses the Net.
5:38 of 1st period - Snap shot by Thomas Spelling.
5:38 of 1st period - Deflect By Antti Suomela.
5:38 of 1st period - Shot Misses the Net.
5:38 of 1st period - Puck is out of play.
5:39 of 1st period - Kyle Rau wins face-off versus Dylan Strome in Crunch zone.
6:04 of 1st period - Joe Morrow is hit by Kevin Fiala and loses puck.
6:15 of 1st period - Snap shot by Kevin Fiala.
6:15 of 1st period - Stopped by Ebbe Siönäs with a rebound.
6:17 of 1st period - Backhand shot by Connor Bunnaman.
6:17 of 1st period - Stopped by Ebbe Siönäs with a rebound.
6:29 of 1st period - Wrist shot by Anatoli Golyshev.
6:29 of 1st period - Stopped by Ebbe Siönäs with a rebound.
6:43 of 1st period - Slapshot by Kyle Rau.
6:43 of 1st period - Shot Misses the Net.
6:45 of 1st period - Slapshot by Jeffrey Foss.
6:45 of 1st period - Stopped by Kaapo Kahkonen with a rebound.
7:19 of 1st period - Snap shot by Thomas Spelling.
7:19 of 1st period - Stopped by Kaapo Kahkonen without a rebound.
7:20 of 1st period - Alexandre Grenier wins face-off versus Teemu Hartikainen in Crunch zone.
7:59 of 1st period - Wrist shot by Kevin Fiala.
7:59 of 1st period - Shot Blocked by Anton Lindholm.
8:10 of 1st period - Off-side.
8:11 of 1st period - Sebastian Aho wins face-off versus Christoffer Ehn in neutral zone.
8:22 of 1st period - Snap shot by Victor Olofsson.
8:22 of 1st period - Shot Blocked by Jordan Oesterle.
8:24 of 1st period - Wrist shot by Sebastian Aho.
8:24 of 1st period - Stopped by Kaapo Kahkonen with a rebound.
8:26 of 1st period - Slapshot by Samuel Girard.
8:26 of 1st period - Stopped by Kaapo Kahkonen with a rebound.
8:44 of 1st period - Slapshot by Teemu Hartikainen.
8:44 of 1st period - Goal by Teemu Hartikainen - Crunch : 1 - Wolves : 0.
8:45 of 1st period - Brock Boeser wins face-off versus Lawson Crouse in neutral zone.
8:47 of 1st period - Off-side.
8:48 of 1st period - Kyle Rau wins face-off versus Christoffer Ehn in neutral zone.
9:09 of 1st period - Minor Penalty to Brock Boeser for Tripping.
9:10 of 1st period - Alexandre Grenier wins face-off versus William Nylander in Crunch zone.
10:25 of 1st period - Sebastian Aho is hit by Jordan Oesterle and loses puck.
11:09 of 1st period - Penalty to Brock Boeser is over, Brock Boeser is back on ice.
11:19 of 1st period - Snap shot by Thomas Spelling.
11:19 of 1st period - Shot Misses the Net.
11:25 of 1st period - Samuel Girard is hit by Kevin Fiala and loses puck.
11:50 of 1st period - Snap shot by Thomas Spelling.
11:50 of 1st period - Shot Blocked by Jeremy Lauzon.
11:52 of 1st period - Slapshot by Samuel Girard.
11:52 of 1st period - Shot Blocked by Christoffer Ehn.
12:41 of 1st period - Teemu Hartikainen is hit by Sebastian Aho and loses puck.
12:59 of 1st period - Alexandre Grenier is hit by Connor Bunnaman and loses puck.
13:11 of 1st period - Brendan Guhle is hit by Joe Morrow and loses puck.
13:42 of 1st period - Wrist shot by Kieffer Bellows.
13:42 of 1st period - Stopped by Kaapo Kahkonen with a rebound.
13:44 of 1st period - Slapshot by Joe Morrow.
13:44 of 1st period - Stopped by Kaapo Kahkonen with a rebound.
13:48 of 1st period - Snap shot by Matthew Highmore.
13:48 of 1st period - Stopped by Kaapo Kahkonen without a rebound.
13:49 of 1st period - Sebastian Aho wins face-off versus Christoffer Ehn in Crunch zone.
14:20 of 1st period - Snap shot by Teemu Hartikainen.
14:20 of 1st period - Shot Misses the Net.
14:22 of 1st period - Snap shot by Nicolas Aube-Kubel.
14:22 of 1st period - Stopped by Ebbe Siönäs with a rebound.
14:24 of 1st period - Slapshot by Jeremy Lauzon.
14:24 of 1st period - Stopped by Ebbe Siönäs without a rebound.
14:25 of 1st period - Connor Bunnaman wins face-off versus Kyle Rau in Wolves zone.
15:09 of 1st period - Minor Penalty to Sebastian Aho for Holding.
15:10 of 1st period - Brock Boeser wins face-off versus Alexandre Grenier in Wolves zone.
15:43 of 1st period - Slapshot by Nicolas Aube-Kubel.
15:43 of 1st period - Shot Misses the Net.
15:45 of 1st period - Snap shot by Dylan Strome.
15:45 of 1st period - Shot Misses the Net.
17:09 of 1st period - Penalty to Sebastian Aho is over, Sebastian Aho is back on ice.
17:39 of 1st period - Joe Morrow is hit by Max McCormick and loses puck.
18:52 of 1st period - Snap shot by Sebastian Aho.
18:52 of 1st period - Stopped by Kaapo Kahkonen without a rebound.
18:53 of 1st period - Dylan Strome wins face-off versus Sebastian Aho in Crunch zone.
18:53 of 1st period - Dylan Strome is hit by Eric Robinson.
19:16 of 1st period - Charles-Olivier Roussel is hit by Fredrik Olofsson and loses puck.
19:51 of 1st period - Minor Penalty to Dalton Smith for High sticking.
19:52 of 1st period - Kyle Rau wins face-off versus William Nylander in Crunch zone.
Goals for this period are 1 for Crunch vs 0 for Wolves.
Shots for this period are 7 for Crunch vs 11 for Wolves.
2nd period
0:01 of 2nd period - Kyle Rau wins face-off versus William Nylander in neutral zone.
0:04 of 2nd period - Joe Morrow is hit by William Nylander and loses puck.
0:26 of 2nd period - William Nylander is hit by Lawson Crouse and loses puck.
0:37 of 2nd period - Charles-Olivier Roussel is hit by Alexandre Grenier and loses puck.
0:46 of 2nd period - Wrist shot by Brock Boeser.
0:46 of 2nd period - Shot Blocked by Jeffrey Foss.
1:06 of 2nd period - Snap shot by Alexandre Grenier.
1:06 of 2nd period - Stopped by Kaapo Kahkonen without a rebound.
1:07 of 2nd period - Victor Olofsson wins face-off versus William Nylander in Crunch zone.
1:51 of 2nd period - Penalty to Dalton Smith is over, Dalton Smith is back on ice.
2:01 of 2nd period - Jeremy Lauzon is hit by Fredrik Olofsson.
2:05 of 2nd period - Jeffrey Foss is hit by Dalton Smith and loses puck.
2:20 of 2nd period - Snap shot by Matthew Highmore.
2:20 of 2nd period - Stopped by Kaapo Kahkonen without a rebound.
2:21 of 2nd period - Connor Bunnaman wins face-off versus Matthew Highmore in Crunch zone.
2:42 of 2nd period - Wrist shot by Matthew Highmore.
2:42 of 2nd period - Deflect By Wade Allison.
2:42 of 2nd period - Stopped by Kaapo Kahkonen with a rebound.
2:50 of 2nd period - Snap shot by Dalton Smith.
2:50 of 2nd period - Stopped by Ebbe Siönäs with a rebound.
2:52 of 2nd period - Slapshot by Charles-Olivier Roussel.
2:52 of 2nd period - Stopped by Ebbe Siönäs with a rebound.
2:58 of 2nd period - Wrist shot by Dalton Smith.
2:58 of 2nd period - Shot Misses the Net.
3:00 of 2nd period - Wrist shot by Jeremy Lauzon.
3:00 of 2nd period - Stopped by Ebbe Siönäs without a rebound.
3:01 of 2nd period - Christoffer Ehn wins face-off versus Kyle Rau in Wolves zone.
3:08 of 2nd period - Wrist shot by Alexandre Grenier.
3:08 of 2nd period - Stopped by Kaapo Kahkonen without a rebound.
3:09 of 2nd period - Christoffer Ehn wins face-off versus Kyle Rau in Crunch zone.
3:09 of 2nd period - Christoffer Ehn is hit by Jeff Petry.
3:50 of 2nd period - Wrist shot by William Nylander.
3:50 of 2nd period - Shot Misses the Net.
3:56 of 2nd period - Wrist shot by Alexandre Grenier.
3:56 of 2nd period - Stopped by Kaapo Kahkonen with a rebound.
3:58 of 2nd period - Slapshot by Jeff Petry.
3:58 of 2nd period - Deflect By Lawson Crouse.
3:58 of 2nd period - Goal by Lawson Crouse - Crunch : 1 - Wolves : 1.
3:59 of 2nd period - Sebastian Aho wins face-off versus Dylan Strome in neutral zone.
4:24 of 2nd period - Thomas Spelling is hit by Kevin Fiala and loses puck.
4:34 of 2nd period - Minor Penalty to Dalton Smith for Interference.
4:35 of 2nd period - Lawson Crouse wins face-off versus William Nylander in Crunch zone.
4:49 of 2nd period - Snap shot by William Nylander.
4:49 of 2nd period - Shot Misses the Net.
4:52 of 2nd period - Icing by Lawson Crouse.
4:53 of 2nd period - William Nylander wins face-off versus Kyle Rau in Wolves zone.
5:00 of 2nd period - Snap shot by Teemu Hartikainen.
5:00 of 2nd period - Stopped by Ebbe Siönäs with a rebound.
5:14 of 2nd period - Snap shot by Lawson Crouse.
5:14 of 2nd period - Stopped by Kaapo Kahkonen without a rebound.
5:15 of 2nd period - Sebastian Aho wins face-off versus William Nylander in Crunch zone.
5:32 of 2nd period - Brendan Guhle is hit by Jeff Petry.
5:36 of 2nd period - Sebastian Aho is hit by Nicolas Aube-Kubel and loses puck.
5:45 of 2nd period - Slapshot by Sebastian Aho.
5:45 of 2nd period - Shot Blocked by Jordan Oesterle.
5:47 of 2nd period - Slapshot by Joe Morrow.
5:47 of 2nd period - Stopped by Kaapo Kahkonen with a rebound.
5:49 of 2nd period - Snap shot by Eric Robinson.
5:49 of 2nd period - Shot Misses the Net.
5:53 of 2nd period - Snap shot by Victor Olofsson.
5:53 of 2nd period - Stopped by Kaapo Kahkonen with a rebound.
5:55 of 2nd period - Slapshot by Jeffrey Foss.
5:55 of 2nd period - Shot Blocked by Jordan Oesterle.
5:57 of 2nd period - Wrist shot by Eric Robinson.
5:57 of 2nd period - Stopped by Kaapo Kahkonen without a rebound.
5:58 of 2nd period - William Nylander wins face-off versus Kyle Rau in Crunch zone.
6:34 of 2nd period - Penalty to Dalton Smith is over, Dalton Smith is back on ice.
7:03 of 2nd period - Off-side.
7:04 of 2nd period - William Nylander wins face-off versus Antti Suomela in neutral zone.
7:13 of 2nd period - Wrist shot by Antti Suomela.
7:13 of 2nd period - Shot Misses the Net.
7:15 of 2nd period - Slapshot by Joe Morrow.
7:15 of 2nd period - Shot Misses the Net.
7:17 of 2nd period - Snap shot by Thomas Spelling.
7:17 of 2nd period - Shot Misses the Net.
7:19 of 2nd period - Snap shot by Antti Suomela.
7:19 of 2nd period - Stopped by Kaapo Kahkonen with a rebound.
7:29 of 2nd period - Jordan Oesterle is hit by Eric Robinson and loses puck.
7:47 of 2nd period - Minor Penalty to Jalen Chatfield for Hooking.
7:48 of 2nd period - Nicolas Aube-Kubel wins face-off versus Alexandre Grenier in Wolves zone.
7:54 of 2nd period - Wrist shot by Nicolas Aube-Kubel.
7:54 of 2nd period - Shot Blocked by Jeffrey Foss.
8:10 of 2nd period - Minor Penalty to Joe Morrow for Hooking.
8:11 of 2nd period - Alexandre Grenier wins face-off versus Christoffer Ehn in Wolves zone.
8:19 of 2nd period - Off-side.
8:20 of 2nd period - Alexandre Grenier wins face-off versus Christoffer Ehn in neutral zone.
8:31 of 2nd period - Wrist shot by William Nylander.
8:31 of 2nd period - Shot Misses the Net.
8:41 of 2nd period - Alexandre Grenier is hit by William Nylander.
8:56 of 2nd period - Slapshot by Brendan Guhle.
8:56 of 2nd period - Shot Blocked by Kyle Rau.
9:10 of 2nd period - Snap shot by William Nylander.
9:10 of 2nd period - Shot Blocked by Samuel Girard.
9:12 of 2nd period - Snap shot by Jordan Oesterle.
9:12 of 2nd period - Goal by Jordan Oesterle - Crunch : 2 - Wolves : 1.
9:13 of 2nd period - Alexandre Grenier wins face-off versus Dylan Strome in neutral zone.
9:22 of 2nd period - Snap shot by Nicolas Aube-Kubel.
9:22 of 2nd period - Stopped by Ebbe Siönäs without a rebound.
9:23 of 2nd period - Alexandre Grenier wins face-off versus Dylan Strome in Wolves zone.
9:31 of 2nd period - Icing by Nicolas Aube-Kubel.
9:32 of 2nd period - Dylan Strome wins face-off versus Alexandre Grenier in Crunch zone.
9:39 of 2nd period - Slapshot by Jeremy Lauzon.
9:39 of 2nd period - Shot Misses the Net.
9:41 of 2nd period - Snap shot by Charles-Olivier Roussel.
9:41 of 2nd period - Stopped by Ebbe Siönäs with a rebound.
9:43 of 2nd period - Wrist shot by Dylan Strome.
9:43 of 2nd period - Shot Blocked by Kyle Rau.
9:45 of 2nd period - Slapshot by Charles-Olivier Roussel.
9:45 of 2nd period - Stopped by Ebbe Siönäs without a rebound.
9:46 of 2nd period - Christoffer Ehn wins face-off versus Alexandre Grenier in Wolves zone.
10:10 of 2nd period - Penalty to Joe Morrow is over, Joe Morrow is back on ice.
10:15 of 2nd period - Snap shot by Joe Morrow.
10:15 of 2nd period - Stopped by Kaapo Kahkonen with a rebound.
10:17 of 2nd period - Snap shot by Alexandre Grenier.
10:17 of 2nd period - Stopped by Kaapo Kahkonen with a rebound.
10:19 of 2nd period - Slapshot by Joe Morrow.
10:19 of 2nd period - Goal by Joe Morrow - Crunch : 2 - Wolves : 2.
10:20 of 2nd period - Christoffer Ehn wins face-off versus Kyle Rau in neutral zone.
10:20 of 2nd period - Christoffer Ehn is hit by Jeffrey Foss.
10:25 of 2nd period - Minor Penalty to Lawson Crouse for Goalie Interference.
10:26 of 2nd period - Alexandre Grenier wins face-off versus Christoffer Ehn in Wolves zone.
12:25 of 2nd period - Penalty to Lawson Crouse is over, Lawson Crouse is back on ice.
12:54 of 2nd period - Mitch Callahan is hit by Fredrik Olofsson and loses puck.
12:59 of 2nd period - Slapshot by Antti Suomela.
12:59 of 2nd period - Stopped by Kaapo Kahkonen with a rebound.
13:01 of 2nd period - Minor Penalty to Kyle Capobianco for Hooking.
13:02 of 2nd period - Kyle Rau wins face-off versus William Nylander in Crunch zone.
13:14 of 2nd period - Off-side.
13:15 of 2nd period - William Nylander wins face-off versus Kyle Rau in neutral zone.
13:40 of 2nd period - Slapshot by Victor Olofsson.
13:40 of 2nd period - Stopped by Kaapo Kahkonen without a rebound.
13:41 of 2nd period - Sebastian Aho wins face-off versus Brock Boeser in Crunch zone.
14:13 of 2nd period - Snap shot by Victor Olofsson.
14:13 of 2nd period - Shot Misses the Net.
14:27 of 2nd period - Snap shot by Victor Olofsson.
14:27 of 2nd period - Shot Misses the Net.
14:29 of 2nd period - Slapshot by Eric Robinson.
14:29 of 2nd period - Shot Misses the Net.
14:31 of 2nd period - Snap shot by Victor Olofsson.
14:31 of 2nd period - Shot Misses the Net.
14:33 of 2nd period - Snap shot by Jeff Petry.
14:33 of 2nd period - Shot Misses the Net.
14:41 of 2nd period - Slapshot by Sebastian Aho.
14:41 of 2nd period - Goal by Sebastian Aho - Crunch : 2 - Wolves : 3.
14:42 of 2nd period - Connor Bunnaman wins face-off versus Kyle Rau in neutral zone.
14:53 of 2nd period - Wrist shot by Alexandre Grenier.
14:53 of 2nd period - Stopped by Kaapo Kahkonen with a rebound.
14:55 of 2nd period - Slapshot by Jeffrey Foss.
14:55 of 2nd period - Deflect By Alexandre Grenier.
14:55 of 2nd period - Stopped by Kaapo Kahkonen without a rebound.
14:56 of 2nd period - Kyle Rau wins face-off versus Christoffer Ehn in Crunch zone.
15:06 of 2nd period - Minor Penalty to Brendan Guhle for Goalie Interference.
15:07 of 2nd period - William Nylander wins face-off versus Alexandre Grenier in Crunch zone.
15:07 of 2nd period - William Nylander is hit by Alexandre Grenier.
15:18 of 2nd period - Slapshot by Joe Morrow.
15:18 of 2nd period - Shot Blocked by Kyle Capobianco.
15:20 of 2nd period - Slapshot by Joe Morrow.
15:20 of 2nd period - Stopped by Kaapo Kahkonen with a rebound.
17:06 of 2nd period - Penalty to Brendan Guhle is over, Brendan Guhle is back on ice.
17:19 of 2nd period - Wrist shot by Fredrik Olofsson.
17:19 of 2nd period - Shot Blocked by Dalton Smith.
17:21 of 2nd period - Slapshot by Anton Lindholm.
17:21 of 2nd period - Shot Blocked by Connor Bunnaman.
17:37 of 2nd period - Icing by Antti Suomela.
17:38 of 2nd period - William Nylander wins face-off versus Antti Suomela in Wolves zone.
17:43 of 2nd period - Slapshot by Mitch Callahan.
17:43 of 2nd period - Stopped by Ebbe Siönäs without a rebound.
17:44 of 2nd period - Kyle Rau wins face-off versus Dylan Strome in Wolves zone.
17:48 of 2nd period - Off-side.
17:49 of 2nd period - Kyle Rau wins face-off versus Dylan Strome in neutral zone.
18:14 of 2nd period - William Nylander is hit by Jeffrey Foss and loses puck.
18:39 of 2nd period - Snap shot by Thomas Spelling.
18:39 of 2nd period - Stopped by Kaapo Kahkonen with a rebound.
19:38 of 2nd period - Anatoli Golyshev is hit by Victor Olofsson and loses puck.
19:43 of 2nd period - Slapshot by Sebastian Aho.
19:43 of 2nd period - Shot Hit the Post.
19:45 of 2nd period - Snap shot by Eric Robinson.
19:45 of 2nd period - Shot Misses the Net.
19:47 of 2nd period - Slapshot by Victor Olofsson.
19:47 of 2nd period - Shot Misses the Net.
Goals for this period are 1 for Crunch vs 3 for Wolves.
Shots for this period are 9 for Crunch vs 21 for Wolves.
3rd period
0:01 of 3rd period - Christoffer Ehn wins face-off versus Alexandre Grenier in neutral zone.
0:03 of 3rd period - Off-side.
0:04 of 3rd period - Kyle Rau wins face-off versus Christoffer Ehn in neutral zone.
0:13 of 3rd period - Wrist shot by Alexandre Grenier.
0:13 of 3rd period - Goal by Alexandre Grenier - Crunch : 2 - Wolves : 4.
0:14 of 3rd period - Christoffer Ehn wins face-off versus Kyle Rau in neutral zone.
0:17 of 3rd period - Wrist shot by William Nylander.
0:17 of 3rd period - Stopped by Ebbe Siönäs with a rebound.
0:39 of 3rd period - Jordan Oesterle is hit by Victor Olofsson and loses puck.
1:45 of 3rd period - Off-side.
1:46 of 3rd period - William Nylander wins face-off versus Sebastian Aho in neutral zone.
1:57 of 3rd period - Wrist shot by Anatoli Golyshev.
1:57 of 3rd period - Stopped by Ebbe Siönäs without a rebound.
1:58 of 3rd period - Kyle Rau wins face-off versus Dylan Strome in Wolves zone.
3:05 of 3rd period - Wrist shot by Anatoli Golyshev.
3:05 of 3rd period - Deflect By Mitch Callahan.
3:05 of 3rd period - Stopped by Ebbe Siönäs with a rebound.
3:07 of 3rd period - Snap shot by William Nylander.
3:07 of 3rd period - Deflect By Anatoli Golyshev.
3:07 of 3rd period - Stopped by Ebbe Siönäs with a rebound.
3:09 of 3rd period - Wrist shot by William Nylander.
3:09 of 3rd period - Stopped by Ebbe Siönäs with a rebound.
3:11 of 3rd period - Slapshot by Brendan Guhle.
3:11 of 3rd period - Deflect By William Nylander.
3:11 of 3rd period - Shot Blocked by Jeffrey Foss.
3:11 of 3rd period - Puck is out of play.
3:12 of 3rd period - Kyle Rau wins face-off versus Dylan Strome in Wolves zone.
3:41 of 3rd period - Slapshot by William Nylander.
3:41 of 3rd period - Stopped by Ebbe Siönäs with a rebound.
3:43 of 3rd period - Slapshot by Brock Boeser.
3:43 of 3rd period - Deflect By William Nylander.
3:43 of 3rd period - Stopped by Ebbe Siönäs with a rebound.
3:45 of 3rd period - Slapshot by Brock Boeser.
3:45 of 3rd period - Shot Blocked by Anton Lindholm.
4:15 of 3rd period - Snap shot by Victor Olofsson.
4:15 of 3rd period - Stopped by Kaapo Kahkonen with a rebound.
4:17 of 3rd period - Slapshot by Anton Lindholm.
4:17 of 3rd period - Stopped by Kaapo Kahkonen without a rebound.
4:18 of 3rd period - Christoffer Ehn wins face-off versus Kyle Rau in Crunch zone.
5:11 of 3rd period - Snap shot by Dalton Smith.
5:11 of 3rd period - Stopped by Ebbe Siönäs with a rebound.
6:22 of 3rd period - Slapshot by Brendan Guhle.
6:22 of 3rd period - Shot Blocked by Kieffer Bellows.
6:44 of 3rd period - Joe Morrow is hit by Christoffer Ehn and loses puck.
7:18 of 3rd period - Wrist shot by Matthew Highmore.
7:18 of 3rd period - Deflect By Kieffer Bellows.
7:18 of 3rd period - Stopped by Kaapo Kahkonen with a rebound.
8:18 of 3rd period - Kieffer Bellows is hit by Charles-Olivier Roussel and loses puck.
8:42 of 3rd period - Sebastian Aho is hit by Mitch Callahan and loses puck.
9:17 of 3rd period - William Nylander is hit by Lawson Crouse and loses puck.
9:48 of 3rd period - Jeffrey Foss is hit by Dalton Smith and loses puck.
10:16 of 3rd period - Christoffer Ehn is hit by Alexandre Grenier and loses puck.
10:23 of 3rd period - Slapshot by Alexandre Grenier.
10:23 of 3rd period - Goal by Alexandre Grenier - Crunch : 2 - Wolves : 5.
10:24 of 3rd period - Kyle Rau wins face-off versus Dylan Strome in neutral zone.
10:42 of 3rd period - Minor Penalty to Nicolas Aube-Kubel for Kneeing.
10:43 of 3rd period - William Nylander wins face-off versus Kyle Rau in Crunch zone.
10:43 of 3rd period - William Nylander is hit by Jeffrey Foss.
10:48 of 3rd period - Alexandre Grenier is hit by Teemu Hartikainen and loses puck.
10:53 of 3rd period - Slapshot by William Nylander.
10:53 of 3rd period - Stopped by Ebbe Siönäs with a rebound.
10:55 of 3rd period - Wrist shot by William Nylander.
10:55 of 3rd period - Shot Misses the Net.
10:57 of 3rd period - Snap shot by Teemu Hartikainen.
10:57 of 3rd period - Shot Misses the Net.
10:59 of 3rd period - Slapshot by Jordan Oesterle.
10:59 of 3rd period - Shot Blocked by Alexandre Grenier.
12:42 of 3rd period - Penalty to Nicolas Aube-Kubel is over, Nicolas Aube-Kubel is back on ice.
13:33 of 3rd period - Slapshot by Jacob Larsson.
13:33 of 3rd period - Stopped by Ebbe Siönäs with a rebound.
13:35 of 3rd period - Slapshot by Connor Bunnaman.
13:35 of 3rd period - Stopped by Ebbe Siönäs with a rebound.
13:37 of 3rd period - Slapshot by Kyle Capobianco.
13:37 of 3rd period - Stopped by Ebbe Siönäs with a rebound.
15:42 of 3rd period - Kyle Rau is hit by Jeremy Lauzon and loses puck.
16:08 of 3rd period - Antti Suomela is hit by Jordan Oesterle and loses puck.
16:48 of 3rd period - Snap shot by Victor Olofsson.
16:48 of 3rd period - Stopped by Kaapo Kahkonen with a rebound.
17:32 of 3rd period - Slapshot by Anatoli Golyshev.
17:32 of 3rd period - Shot Blocked by Anton Lindholm.
17:56 of 3rd period - Dylan Coghlan is hit by Kevin Fiala and loses puck.
18:37 of 3rd period - Slapshot by Samuel Girard.
18:37 of 3rd period - Stopped by Kaapo Kahkonen without a rebound.
18:38 of 3rd period - William Nylander wins face-off versus Matthew Highmore in Crunch zone.
18:45 of 3rd period - William Nylander is hit by Matthew Highmore and loses puck.
19:18 of 3rd period - Slapshot by Matthew Highmore.
19:18 of 3rd period - Shot Blocked by Kyle Capobianco.
19:30 of 3rd period - Snap shot by Matthew Highmore.
19:30 of 3rd period - Stopped by Kaapo Kahkonen with a rebound.
19:32 of 3rd period - Snap shot by Matthew Highmore.
19:32 of 3rd period - Shot Blocked by Brock Boeser.
19:54 of 3rd period - Slapshot by Samuel Girard.
19:54 of 3rd period - Stopped by Kaapo Kahkonen without a rebound.
19:55 of 3rd period - Kyle Rau wins face-off versus Dylan Strome in Crunch zone.
Goals for this period are 0 for Crunch vs 2 for Wolves.
Shots for this period are 12 for Crunch vs 9 for Wolves.